Description

Here is a macro protoss build order in PvT ! This build order is used by Zest in many recent game. It works a 3 oracles openings (use them for scout and for stasis ward. At 5min, you start teching to blink / +1 and you play massive blink stalkers style. After that, you switch to zealot / stalker / storm composition (and you prepare your switch to Colossus on 2 robo).

The build is really good because stasis ward will help you to macro without real problem.

VOD

https://youtu.be/-6ZG3mqLAhI

Replay - 3 oracles pvt

Build Order

Get SALT Encoding   

  12  0:00  Probe  
  13  0:13  Probe  
  14  0:19  Pylon  
  14  0:21  Probe  
  15  0:33  Probe  
  15  0:40  Gateway  
  16  0:44  Probe  
  17  0:53  Assimilator  
  17  0:57  Probe  
  18  1:07  Probe  
  19  1:15  Probe  
  20  1:29  Nexus  
  20  1:36  Cybernetics Core  
  20  1:39  Probe  
  21  1:44  Assimilator  
  21  1:51  Probe  
  21  1:53  Pylon  
  22  2:02  Stalker  
  23  2:13  Warp Gate  
  27  2:32  Stalker  
  31  2:46  Stargate  
  36  3:17  Gateway x2  
  36  3:19  Oracle  
  43  3:38  Pylon  
  43  3:42  Stalker  
  43  3:47  Oracle  
  49  4:02  Nexus  
  49  4:09  Assimilator x2  
  54  4:47  Pylon x2  
  54  4:53  Forge  
  54  4:55  Twilight Council  
  54  5:05  Oracle  
  59  5:08  Stalker x3  
  68  5:24  Blink  
  69  5:29  Protoss Ground Weapons Level 1  
  74  5:44  Stalker x3  
  82  6:02  Gateway x3  
  87  6:19  Stalker  
  83  6:40  Phoenix  
  81  6:54  Gateway x3  
  83  7:02  Assimilator x2  
  83  7:06  Templar Archives, Charge  
  83  7:07  Photon Cannon  
  83  7:08  Protoss Ground Armor Level 1  
  83  7:11  Shield Battery  
  83  7:13  Phoenix  
  85  7:32  Zealot x5  
  96  7:40  Phoenix  
  96  7:44  Photon Cannon x2  
  96  7:47  Psionic Storm  
  98  7:55  Zealot  
  100  8:01  High Templar x3  
  100  8:03  Robotics Facility, Phoenix  
  108  8:23  Forge  
  108  8:26  High Templar  
  110  8:27  Zealot x4  
  120  8:36  Dark Shrine  
  120  8:39  Forge  
  120  8:40  Warp Prism  
  120  8:43  Photon Cannon x2  
  120  8:44  High Templar x2  
  120  8:48  Protoss Ground Weapons Level 2  
  124  8:51  Protoss Ground Armor Level 2  
  124  8:53  Archon  
  126  8:56  Nexus  
  120  9:57  Archon  
  120  9:59  Immortal  
Spawning Tool Build Advisor. Get it on Overwolf

Go to:

Details

  • Created by: zuka      
  • Published on: Jul 28, 2018
  • Modified on: Jul 28, 2018
  • Patch: 4.0.0
Show
View Real Time Build Order
Export as new Build Order

Comments (0)

There are no comments. Be the first!

Create an account to comment!